 Dungeon Crawl Stone Soup version 0.27.1 (webtiles) character file.

Game seed: 1110780543719473666

25 Golfball the Ruffian (level 2, 0/29 HPs)
             Began as a Troll Monk on Aug 26, 2021.
             Killed from afar by Sigmund (5 damage)
             ... with a magic dart
             ... on level 2 of the Dungeon.
             The game lasted 00:02:46 (667 turns).

Golfball the Ruffian (Troll Monk)                    Turns: 667, Time: 00:02:47

Health: 0/29       AC:  4    Str: 18    XL:     2   Next: 82%
Magic:  1/1        EV: 10    Int:  6    God:
Gold:   48         SH:  0    Dex: 12    Spells: 1/1 levels left

rFire    . . .     SeeInvis .     - Unarmed
rCold    . . .     Faith    .   (no shield)
rNeg     . . .     Spirit   .   a - +0 robe
rPois    .         Reflect  .   (helmet restricted)
rElec    .         Harm     .   (no cloak)
rCorr    .         Rampage  .   (gloves unavailable)
Will     .....                  (boots unavailable)
Stlth    ++........             (no amulet)
HPRegen  1.09/turn              (no ring)
MPRegen  0.07/turn              (no ring)

@: no status effects
A: large, unfitting armour, claws 3, regeneration 1, shaggy fur 1, tough skin 1
a: no special abilities


You were on level 2 of the Dungeon.
You visited 1 branch of the dungeon, and saw 2 of its levels.

You collected 48 gold pieces.

Inventory:

Hand Weapons
 f - a +0 flail
 g - a +0 war axe
Armour
 a - a +0 robe (worn)
Scrolls
 c - 2 scrolls of identify {unknown}
 d - a scroll of acquirement {unknown}
 e - a scroll of magic mapping {unknown}
Potions
 b - a potion of attraction {unknown}


   Skills:
 + Level 2.9 Fighting
 - Level 2.4 Dodging
 - Level 1.0 Stealth
 + Level 3.6 Unarmed Combat


You had one spell level left.
You didn't know any spells.
Your spell library was empty.

Dungeon Overview and Level Annotations

Branches:
Dungeon (2/15)

Altars:

Annotations:
D:2 Sigmund


Innate Abilities, Weirdness & Mutations

You are too large for most types of armour.
You have claws for hands.
Your natural rate of healing is unusually fast.
You are covered in fur. (AC +1)
You have tough skin. (AC +1)


Message History

There is a stone staircase leading up here.
You open the door.
Found a buckler.
Found a red potion.
A ball python comes into view.
There is an open door here.
The ball python hisses angrily.
A hobgoblin comes into view.
The hobgoblin shouts!
You scratch the ball python.
The ball python is severely wounded.
The ball python closely misses you.
You scratch the ball python.
You kill the ball python!
Sigmund the Dreaded comes into view.
He is wielding a +0 scythe.
Found a book of Winter.
Sigmund shouts!
Sigmund laughs darkly.
Sigmund completely misses you.
You claw Sigmund!
Sigmund is moderately wounded.
Sigmund hits you but does no damage.
You scratch Sigmund.
Sigmund is moderately wounded.
Sigmund hits you with a +0 scythe!
You scratch Sigmund.
Sigmund is heavily wounded.
The hobgoblin hits you.
You closely miss Sigmund.
Sigmund is heavily wounded.
The hobgoblin hits you. Sigmund hits you with a +0 scythe!
* * * LOW HITPOINT WARNING * * *
You barely miss Sigmund.
Sigmund is heavily wounded.
The hobgoblin closely misses you.
You claw Sigmund!
Sigmund is severely wounded.
Sigmund gestures at you while chanting. The magic dart hits you.
You die...

####### #.....#
#.###.###
#..<#.#..
#####.#.# #...#.#
##'###.######
#....@@.....#
#....g....:.#
#...........#
#.†.........#
.[...........#
.......!.......#
.................#
.........#########
.........#


You could see Sigmund and a hobgoblin.

Vanquished Creatures
  A dart slug (D:1)
  An endoplasm (D:1)
  2 giant cockroaches (D:1)
  A goblin (D:1)
  2 hobgoblins (D:1)
  4 jackals (D:1)
  2 ball pythons
  5 bats (D:1)
  2 frilled lizards (D:1)
20 creatures vanquished.

Notes
Turn   | Place    | Note
-------+----------+-------------------------------------------
     0 | D:1      | Golfball the Troll Monk began the quest for the Orb.
     0 | D:1      | Reached XP level 1. HP: 22/22 MP: 0/0
   195 | D:1      | Reached XP level 2. HP: 29/29 MP: 1/1
   445 | D:1      | Found a faded altar of an unknown god.
   658 | D:2      | Noticed Sigmund
   667 | D:2      | Killed from afar by Sigmund

Illustrated notes

Levels and vault maps discovered:
D:1:      mrwooster_arrival_statue_2, layout_loops_ring,
          ebering_ecumenical_altar_hall, st_stairs_11
D:2:      layout_basic, uniq_sigmund

Action                   || total
-------------------------++-------
Melee: Unarmed           ||    42
       Punch             ||     1
 Stab: Sleeping          ||     1
Armor: Robe              ||    18
Dodge: Dodged            ||    27
